 Dungeon Crawl Stone Soup version 0.21-a0-2-ge494091 (webtiles) character file.

1303 Rrauwl the Cleaver (level 8, -3/73 HPs)
             Began as a Tengu Berserker on May 22, 2017.
             Was a Priest of Trog.
             Killed from afar by Pikel (19 damage)
             ... with a wand of lightning (?/15)
             ... on level 5 of the Dungeon.
             The game lasted 00:12:01 (3857 turns).

Rrauwl the Cleaver (Tengu Berserker)                Turns: 3857, Time: 00:12:02

Health: -3/73      AC: 10    Str: 27    XL:     8   Next: 57%
Magic:  9/9        EV: 11    Int:  7    God:    Trog [***...]
Gold:   215        SH: 12    Dex: 15    Spells: 7/7 levels left

rFire    . . .     SeeInvis .   a - +1 war axe
rCold    . . .     Gourm    .   r - +0 shield
rNeg     . . .     Faith    .   u - +0 chain mail
rPois    .         Spirit   .   (helmet restricted)
rElec    .         Reflect  +   e - +0 cloak
rCorr    .         Harm     .   (no gloves)
MR       .....                  (boots unavailable)
Stlth    ..........             l - +2 amulet of reflection
Regen    0.3/turn               s - +3 ring of strength
MPRegen  0.2/turn               v - +4 ring of evasion

@: berserking, very quick
A: beak, talons 3, able to fly 1
a: Fly, Berserk, Trog's Hand, Burn Spellbooks, Renounce Religion


You were on level 5 of the Dungeon.
You worshipped Trog.
Trog was most pleased with you.
You were very hungry.

You visited 1 branch of the dungeon, and saw 5 of its levels.

You collected 215 gold pieces.

Inventory:

Hand Weapons
 a - a +1 war axe (weapon)
Missiles
 d - 33 bolts
Armour
 e - a +0 cloak (worn)
 r - a +0 shield (worn)
 u - a +0 chain mail (worn)
Jewellery
 l - a +2 amulet of reflection (around neck)
 s - a +3 ring of strength (left hand)
 v - a +4 ring of evasion (right hand)
Wands
 b - a wand of flame (30/48)
 g - a wand of polymorph (5/24)
Scrolls
 i - a scroll of remove curse
 o - 3 scrolls of identify
Potions
 j - 2 potions of brilliance
 k - a potion of heal wounds
 q - a potion of curing
Comestibles
 c - 3 bread rations
 h - 5 meat rations
 x - a royal jelly
 z - 3 fruits


   Skills:
 - Level 5.0 Fighting
 + Level 9.5 Axes
 - Level 3.0 Armour
 - Level 3.0 Dodging
 - Level 0.2 Stealth
 - Level 3.0 Shields


You had 7 spell levels left.
You didn't know any spells.

Dungeon Overview and Level Annotations

Branches:
Dungeon (5/15)
 Temple: D:4-7

Altars:
Qazlal
The Shining One

Shops:
D:4 ::

Annotations:
D:5 Pikel


Innate Abilities, Weirdness & Mutations

You have a beak for a mouth.
You have claws for feet.
You can fly.


Message History

You hit Pikel. You claw Pikel!
Pikel is moderately wounded.
You block Pikel's attack.
You hit Pikel but do no damage. You claw Pikel, but do no damage.
You peck Pikel.
Pikel is heavily wounded.
Pikel says, "You'll feel the lick of my whip!"
Pikel zaps a wand.
The bolt of lightning hits you!
It is a wand of lightning (?/15).
You hit Pikel. Your kick misses Pikel. You peck Pikel, but do no damage.
Pikel is heavily wounded.
Pikel hits you with a whip of electrocution.
You are electrocuted!
* * * LOW HITPOINT WARNING * * *
You hit Pikel. Your kick misses Pikel. Your peck misses Pikel.
Pikel is severely wounded.
You slash Pikel! Your kick misses Pikel.
Pikel is almost dead.
Pikel zaps a wand.
The bolt of lightning hits you!
You die...

*,********************** *,* *,*
*,* *,* ###********** *,*
#..,,,,,,,,,*
******#.###..,,,,,,,,,*** ***
*,,,,,....)..#####,,,,*,** *,, **
*,,,,,.......@Kpp#*,,,,*,***,* ,*
*,,***#.###.####p.....#**,**,* ,*
*,,***,*,*#,* *###....*,***,*
,***,,**,***,,,******,,..#,****,*
,**,,,,,** *,*,,,,,,,,,,,.,,,,,,,
,,,,,,,*,***,,*******,,,,,,****,*
,,,,,,,,,,*,*,*****,,,,*,****,,,*
,*,,,*,***,**,,,,,,,,,,*,****,*,*
,**,*,** **********,****,,,,,,,,*


You could see Pikel and 3 slaves.

Vanquished Creatures
  The ghost of Angani the Cutter, a novice VSFi (D:4)
  Grinder (D:5)
  Sigmund (D:3)
  An ice beast (D:5)
  An ogre (D:5)
  A scorpion (D:5)
  A hound (D:5)
  Jessica (D:2)
  Terence (D:3)
  Natasha (thrice) (D:2)
  3 worker ants (D:4)
  2 hound skeletons (D:5)
  Robin (D:2)
  8 adders
  An ooze (D:3)
  A worm (D:2)
  3 dart slugs
  A leopard gecko (D:1)
  An orc (D:4)
  5 giant cockroaches
  13 goblins
  10 hobgoblins
  13 kobolds
  2 quokkas
  3 ball pythons
  8 bats
  7 frilled lizards
  10 rats
104 creatures vanquished.

Notes
Turn   | Place    | Note
-------+----------+-------------------------------------------
     0 | D:1      | Rrauwl the Tengu Berserker began the quest for the Orb.
     0 | D:1      | Reached XP level 1. HP: 14/14 MP: 2/2
    76 | D:1      | Reached XP level 2. HP: 6/19 MP: 3/3
   591 | D:1      | Reached XP level 3. HP: 18/23 MP: 4/4
   920 | D:1      | Reached ** piety under Trog
  1020 | D:2      | Noticed Natasha
  1029 | D:2      | Killed Natasha
  1029 | D:2      | Reached skill level 4 in Axes
  1119 | D:2      | Reached XP level 4. HP: 25/28 MP: 5/5
  1241 | D:2      | Noticed Robin
  1339 | D:2      | Killed Robin
  1501 | D:2      | Reached skill level 1 in Shields
  1723 | D:2      | Gained mutation: You can fly. [Tengu growth]
  1723 | D:2      | Reached XP level 5. HP: 23/33 MP: 6/6
  1972 | D:2      | Noticed Natasha
  1974 | D:2      | Found a stormy altar of Qazlal.
  1979 | D:2      | Killed Natasha
  2007 | D:2      | Noticed Natasha
  2013 | D:2      | Killed Natasha
  2024 | D:2      | Noticed Jessica
  2027 | D:2      | Killed Jessica
  2305 | D:3      | Found a glowing golden altar of the Shining One.
  2483 | D:3      | Noticed Terence
  2493 | D:3      | Killed Terence
  2493 | D:3      | Reached *** piety under Trog
  2493 | D:3      | Reached XP level 6. HP: 29/38 MP: 7/7
  2803 | D:3      | Reached skill level 5 in Axes
  2820 | D:3      | Noticed Sigmund
  2848 | D:3      | Killed Sigmund
  2968 | D:3      | Reached XP level 7. HP: 44/44 MP: 8/8
  3148 | D:4      | Found Imider's Book Shop.
  3221 | D:4      | Reached skill level 5 in Fighting
  3237 | D:4      | Found Sucoimao's Book Shop.
  3368 | D:4      | Noticed Angani's ghost (novice VSFi)
  3373 | D:4      | Killed Angani's ghost
  3373 | D:4      | Reached skill level 7 in Axes
  3757 | D:5      | Entered Level 5 of the Dungeon
  3778 | D:5      | Noticed Grinder
  3785 | D:5      | Killed Grinder
  3785 | D:5      | Reached skill level 8 in Axes
  3785 | D:5      | Reached XP level 8. HP: 49/49 MP: 9/9
  3839 | D:5      | Noticed Pikel
  3839 | D:5      | Reached skill level 9 in Axes
  3857 | D:5      | Killed from afar by Pikel

Vault maps used:
D:1:      mushboom_english_gardens
D:2:      first_bread, nicolae_qazlal_eye_of_the_storm, uniq_robin,
          uniq_natasha, uniq_jessica
D:3:      tso_metal_star, uniq_terence, uniq_sigmund
D:4:      serial_curves, eino_curves_02, eino_curves_03, serial_shops,
          nicolae_shop_crystal, nicolae_shop_competitors_out_of_business
D:5:      portal_sewer_entry_c, uniq_pikel, uniq_eustachio, uniq_grinder

Skill      XL: |  1  2  3  4  5  6  7  8 |
---------------+-------------------------+-----
Axes           | 4 5 8 9 |  9.5
Dodging        | 3 |  3.0
Shields        | 1 2 3 |  3.0
Armour         | 3 |  3.0
Fighting       | 4 5 |  5.0
Stealth        | |  0.2

Action                   |  1- 3 |  4- 6 |  7- 9 || total
-------------------------+-------+-------+-------++-------
Melee: Hand axe          |    70 |   146 |    32 ||   248
       Peck              |     8 |    26 |    21 ||    55
       Kick              |    11 |    33 |    29 ||    73
       Unarmed           |    15 |       |       ||    15
       War axe           |       |       |    58 ||    58
Invok: Berserk           |     2 |     5 |     3 ||    10
       Trog's Hand       |       |     1 |     2 ||     3
  Use: Potion            |       |     3 |     4 ||     7
       Scroll            |       |       |     8 ||     8
 Stab: Sleeping          |     2 |       |       ||     2
       Distracted        |       |     1 |       ||     1
  Eat: Chunk             |     2 |     9 |     5 ||    16
       Fruit             |       |     1 |       ||     1
       Royal jelly       |       |     1 |       ||     1
Armor: Animal skin       |    11 |    10 |       ||    21
       Chain mail        |       |    36 |    26 ||    62
Dodge: Dodged            |    60 |    79 |    20 ||   159
Block: Buckler           |     2 |    17 |       ||    19
       Shield            |       |    46 |    40 ||    86
